 Dungeon Crawl Stone Soup version 0.22-a0-407-gb098539 (webtiles) character file.

294 dstrtnsr the Chopper (level 6, -4/56 HPs)
             Began as a Hill Orc Berserker on May 10, 2018.
             Was a Believer of Trog.
             Slain by Menkaure (10 damage)
             ... on level 4 of the Dungeon.
             The game lasted 00:01:48 (1883 turns).

dstrtnsr the Chopper (Hill Orc Berserker)           Turns: 1883, Time: 00:01:48

Health: -4/56      AC:  8    Str: 22    XL:     6   Next: 33%
Magic:  6/6        EV:  8    Int:  7    God:    Trog [**....]
Gold:   97         SH:  0    Dex: 10    Spells: 5/5 levels left

rFire    . . .     SeeInvis .   a - +0 hand axe
rCold    . . .     Gourm    .   (no shield)
rNeg     . . .     Faith    .   b - +0 chain mail
rPois    .         Spirit   .   (no helmet)
rElec    .         Reflect  .   (no cloak)
rCorr    .         Harm     .   (no gloves)
MR       .....                  (no boots)
Stlth    ..........             (no amulet)
HPRegen  0.18/turn              (no ring)
MPRegen  0.10/turn              (no ring)

@: berserk cooldown, hasted and slowed
A: no striking features
a: Berserk, Trog's Hand, Renounce Religion


You were on level 4 of the Dungeon.
You worshipped Trog.
Trog was pleased with you.
You were very hungry.

You visited 1 branch of the dungeon, and saw 4 of its levels.

You collected 97 gold pieces.

Inventory:

Hand Weapons
 a - a +0 hand axe (weapon)
Armour
 b - a +0 chain mail (worn)
Scrolls
 d - a scroll of amnesia {unknown}
 h - 2 scrolls of random uselessness {unknown}
 i - a scroll of teleportation {!d}
 o - 3 scrolls of remove curse {@r2}
Potions
 f - 2 potions of ambrosia {unknown}
 g - a potion of flight {unknown}
 j - 2 potions of cancellation
 k - a potion of lignification {unknown}
 l - a potion of degeneration {unknown}
 p - 3 potions of curing {@q1}
 q - a potion of agility {unknown}
Comestibles
 e - 4 rations {!d}


   Skills:
 + Level 5.6 Fighting
 * Level 7.8 Axes
 - Level 2.1 Armour
 - Level 1.5 Dodging


You had 5 spell levels left.
You didn't know any spells.

Dungeon Overview and Level Annotations

Branches:
Dungeon (4/15)
 Temple: D:4-7

Altars:

Annotations:
D:4 Menkaure


Message History

Found a scroll of remove curse.
You miss the leopard gecko.
The leopard gecko bites you but does no damage.
You hit the leopard gecko.
The leopard gecko is moderately wounded.
The leopard gecko closely misses you.
You closely miss the leopard gecko.
The leopard gecko is moderately wounded.
The leopard gecko barely misses you.
You barely miss the leopard gecko.
The leopard gecko is moderately wounded.
The leopard gecko bites you but does no damage.
You closely miss the leopard gecko.
The leopard gecko is moderately wounded.
The leopard gecko bites you but does no damage.
You closely miss the leopard gecko.
The leopard gecko is moderately wounded.
The leopard gecko bites you.
You hit the leopard gecko.
You kill the leopard gecko!
Trog accepts your kill.
No target in view!
No target in view!
HP restored.
Key pressed, stopping explore.
No target in view!
You butcher the leopard gecko corpse.
m - a chunk of flesh Eating a chunk of flesh.
You eat the chunk of flesh.
This raw flesh tastes terrible.
f - 2 ruby potions (gained 1)
h - 2 scrolls labeled SOIGASYSUS (gained 1)
o - 2 scrolls of remove curse {@r2} (gained 1)
You now have 82 gold pieces (gained 8).
Key pressed, stopping explore.
o - 3 scrolls of remove curse {@r2} (gained 1)
You now have 97 gold pieces (gained 15).
You are feeling hungry.
An adder comes into view.
The adder hisses angrily.
Found 20 stones.
An adder is nearby!
An adder is nearby!
An adder is nearby!
An adder is nearby!
An adder is nearby!
An adder and a worm come into view.
A red film seems to cover your vision as you go berserk!
You feel yourself moving faster!
You feel mighty!
You are feeling very hungry.
The adder closely misses you. The adder bites you but does no damage.
The adder barely misses you.
You hit the adder.
The adder is moderately wounded.
You barely miss the adder. The adder closely misses you.
The adder barely misses you.
You miss the adder.
The adder is moderately wounded.
You hit the adder. The adder bites you.
You hit the adder.
The adder is severely wounded.
You slash the adder!
You kill the adder!
Trog accepts your kill. The adder closely misses you.
You hit the adder.
You kill the adder!
Trog accepts your kill.
Menkaure, Prince of Dust comes into view.
Found a stone staircase leading down.
You barely miss the worm. You slice the worm!!
You kill the worm!
Trog accepts your kill.
Menkaure gestures at you while chanting.
Pain shoots through your body!
You feel a strong urge to attack something.
You are no longer berserk.
You are exhausted.
You feel yourself slow down.
Menkaure mumbles some strange words.
Menkaure seems to speed up.
Menkaure points at you and mumbles some strange words.
Pain shoots through your body!
You closely miss Menkaure. Menkaure barely misses you.
You slash Menkaure!
Menkaure is moderately damaged.
Menkaure barely misses you. Menkaure hits you!
You hit Menkaure.
Menkaure is heavily damaged.
Menkaure hits you!!
* * * LOW HITPOINT WARNING * * *
Menkaure hits you!
* * * LOW HITPOINT WARNING * * *
You are too injured to fight recklessly!
You are too injured to fight recklessly!
You are too injured to fight recklessly!
Unknown command.
You feel yourself speed up. Menkaure hits you!
You die...

...## ###.#
.#. #.# ...
#.#
######.#####
#......†...#
............#
##..........#
#..........#
#.......@(.#
#.......M..#
#..........#
#........>.#
############


You could see Menkaure.

Vanquished Creatures
  Sigmund (D:3)
  2 orc wizards (D:3)
  5 adders
  An ooze (D:2)
  A worm (D:4)
  A dart slug (D:1)
  3 leopard geckos
  2 orcs (D:3)
  A bat (D:1)
  2 giant cockroaches (D:1)
  6 hobgoblins
  A kobold (D:1)
  A ball python (D:1)
  A frilled lizard (D:1)
  2 goblins
  A jackal skeleton (D:2)
  4 rats (D:1)
35 creatures vanquished.

Notes
Turn   | Place    | Note
-------+----------+-------------------------------------------
     0 | D:1      | dstrtnsr the Hill Orc Berserker began the quest for the Orb.
     0 | D:1      | Reached XP level 1. HP: 19/19 MP: 1/1
   171 | D:1      | Reached XP level 2. HP: 26/27 MP: 2/2
   505 | D:2      | Reached skill level 5 in Axes
   505 | D:2      | Reached XP level 3. HP: 28/33 MP: 3/3
   803 | D:2      | Reached ** piety under Trog
   886 | D:3      | Noticed Sigmund
   900 | D:3      | Killed Sigmund
   900 | D:3      | Reached skill level 5 in Fighting
   900 | D:3      | Reached skill level 7 in Axes
   900 | D:3      | Reached XP level 4. HP: 26/42 MP: 4/4
   900 | D:3      | Reached XP level 5. HP: 30/48 MP: 5/5
  1291 | D:3      | Reached XP level 6. HP: 56/56 MP: 6/6
  1309 | D:3      | HP: 21/56 [orc wizard/magic dart (4)]
  1310 | D:3      | HP: 10/56 [orc wizard/dagger (1)]
  1313 | D:3      | HP: 2/56 [orc wizard/puff of frost (7)]
  1873 | D:4      | Noticed Menkaure
  1882 | D:4      | HP: 13/56 [Menkaure (20)]
  1882 | D:4      | HP: 5/56 [Menkaure (8)]
  1883 | D:4      | Slain by Menkaure

Vault maps used:
D:1:      dpeg_arrival_triangle_fractal
D:3:      first_ration, st_stairs_10, uniq_sigmund
D:4:      temple_fountains, nrook_mini_backslash, uniq_menkaure

Skill      XL: |  1  2  3 |
---------------+----------+-----
Fighting       | 4 5 |  5.6
Axes           | 5 7 |  7.8
Armour         | |  2.1
Dodging        | |  1.5

Action                   |  1- 3 |  4- 6 || total
-------------------------+-------+-------++-------
Melee: Hand axe          |    64 |    61 ||   125
Invok: Berserk           |     4 |     3 ||     7
  Use: Scroll            |       |     4 ||     4
       Potion            |       |     2 ||     2
  Eat: Chunk             |     3 |     5 ||     8
Armor: Animal skin       |    10 |       ||    10
       Scale mail        |     2 |    15 ||    17
       Chain mail        |       |     5 ||     5
Dodge: Dodged            |    40 |    27 ||    67

Table legend:
 A = Spawn XP
 B = Non-spawn XP
 C = Spawn XP percentage of total XP
 D = Spawn monster count
 E = Non-spawn monster count
 F = Spawn count percentage of total count
 G = Total turns spent on level
                    A         B        C        D         E        F      G
               +---------+---------+-------+---------+---------+-------+---------
         Total |       0 |     420 |   0.0 |       0 |      35 |   0.0 |  1883
               +---------+---------+-------+---------+---------+-------+---------
           D:1 |       0 |      25 |   0.0 |       0 |      15 |   0.0 |   447
           D:2 |       0 |      43 |   0.0 |       0 |       7 |   0.0 |   439
           D:3 |       0 |     317 |   0.0 |       0 |       9 |   0.0 |   896
           D:4 |       0 |      35 |   0.0 |       0 |       4 |   0.0 |   101
               +---------+---------+-------+---------+---------+-------+---------
